 Dungeon Crawl Stone Soup version 0.27.1 (webtiles) character file.

Game seed: 9117810948962653828

186 BOMJPIETVODKU the Ruffian (level 5, 0/42 HPs)
             Began as a Draconian Transmuter on Aug 20, 2021.
             Was an Initiate of Vehumet.
             Slain by a hobgoblin (3 damage)
             ... on level 4 of the Dungeon.
             The game lasted 00:06:11 (3900 turns).

BOMJPIETVODKU the Ruffian (Draconian Transmuter)    Turns: 3900, Time: 00:06:12

Health: 0/42       AC:  5    Str: 12    XL:     5   Next: 38%
Magic:  7/9        EV: 12    Int: 15    God:    Vehumet [......]
Gold:   159        SH:  0    Dex: 11    Spells: 7/10 levels left

rFire    . . .     SeeInvis .     - Unarmed
rCold    . . .     Faith    .   (no shield)
rNeg     . . .     Spirit   .   (armour unavailable)
rPois    +         Reflect  .   (helmet restricted)
rElec    .         Harm     .   (no cloak)
rCorr    .         Rampage  .   (no gloves)
Will     .....                  (no boots)
Stlth    +.........             (no amulet)
HPRegen  0.14/turn              f - ring of poison resistance
MPRegen  0.11/turn              (no ring)

@: confused
A: AC +5, unfitting armour, cold-blooded
a: Renounce Religion


You were on level 4 of the Dungeon.
You worshipped Vehumet.
Vehumet was noncommittal.
You visited 2 branches of the dungeon, and saw 5 of its levels.

You collected 159 gold pieces.

Inventory:

Jewellery
 f - a ring of poison resistance (left hand)
Potions
 b - a potion of brilliance
 c - 2 potions of curing
 d - a potion of haste {unknown}
 e - a potion of might {unknown}
 h - a potion of flight {unknown}


   Skills:
 * Level 2.3 Fighting
 - Level 1.7 Dodging
 + Level 0.4 Stealth
 + Level 4.3 Unarmed Combat
 + Level 3.1 Spellcasting
 + Level 3.0 Transmutations


You had 7 spell levels left.
You knew the following spells:

 Your Spells              Type           Power      Damage    Failure   Level
a - Beastly Appendage     Tmut           22%        N/A       5%          1
b - Wereblood             Tmut           11%        N/A       9%          2

Your spell library contained the following spells:

 Spells                   Type           Power      Damage    Failure   Level
 Spider Form              Tmut/Pois      3%         N/A       30%         3
 Ice Form                 Ice/Tmut       7%         N/A       71%         4


Dungeon Overview and Level Annotations

Branches:
Dungeon (4/15)             Temple (1/1) D:4

Altars:
Ashenzari
Cheibriados
Dithmenos
Elyvilon
Fedhas
Gozag
Kikubaaqudgha
Nemelex Xobeh
Okawaru
Ru
Sif Muna
Uskayaw
Vehumet
Yredelemnul
Zin


Innate Abilities, Weirdness & Mutations

Your plain brown scales are hard. (AC +5)
You cannot fit into any form of body armour.
You are cold-blooded and may be slowed by cold attacks.


Message History

You closely miss the orc wizard.
Your tail-slap misses the orc wizard.
The hobgoblin hits you but does no damage.
You hit the orc wizard but do no damage.
You tail-slap the orc wizard.
The orc wizard is moderately wounded.
The orc wizard misses you. The hobgoblin hits you.
* * * LOW HITPOINT WARNING * * *
You closely miss the orc wizard.
The orc wizard is moderately wounded.
The orc wizard hits you but does no damage.
The hobgoblin hits you.
* * * LOW HITPOINT WARNING * * *
You barely miss the orc wizard.
The orc wizard is moderately wounded.
The orc wizard hits you but does no damage.
The hobgoblin hits you.
* * * LOW HITPOINT WARNING * * *
You feel better.
The orc wizard hits you but does no damage.
The hobgoblin barely misses you.
You hit the orc wizard.
The orc wizard is heavily wounded.
The orc wizard casts a spell at you. You resist with some effort.
The hobgoblin hits you.
* * * LOW HITPOINT WARNING * * *
Your magical contamination has completely faded away.
You closely miss the orc wizard.
The orc wizard is heavily wounded.
The orc wizard points at you and mumbles some strange words.
You are confused.
The hobgoblin barely misses you.
Unknown command.
You bump into the rock wall.
The orc wizard hits you but does no damage.
The hobgoblin hits you.
* * * LOW HITPOINT WARNING * * *
You hit the orc wizard.
The orc wizard is severely wounded.
The orc wizard barely misses you. The hobgoblin hits you.
You die...

##.......#.#
##.....##.#
##....##.#
##..###.#
#### #.# #)#
#.# ##.#
#.@# #og#
#.:# #..#
#... #...
#... #....


You could see an orc wizard and a hobgoblin.

Vanquished Creatures
  An orc priest (D:4)
  2 orc wizards (D:4)
  2 adders (D:3)
  A worm (D:2)
  2 dart slugs (D:1)
  6 orcs
  6 ball pythons
  3 bats (D:1)
  7 endoplasms
  4 giant cockroaches
  6 goblins
  5 hobgoblins
  8 kobolds
  5 quokkas
  5 frilled lizards
  10 rats
73 creatures vanquished.

Notes
Turn   | Place    | Note
-------+----------+-------------------------------------------
     0 | D:1      | BOMJPIETVODKU the Draconian Transmuter began the quest for
                  | the Orb.
     0 | D:1      | Reached XP level 1. HP: 16/16 MP: 3/3
   146 | D:1      | Reached XP level 2. HP: 23/23 MP: 3/5
   180 | D:1      | Found a faded altar of an unknown god.
   726 | D:1      | Reached XP level 3. HP: 29/29 MP: 4/6
   811 | D:1      | Learned a level 2 spell: Wereblood
  1636 | D:2      | Reached skill level 4 in Unarmed Combat
  2290 | D:3      | Reached XP level 4. HP: 36/36 MP: 2/7
  3785 | D:4      | Found a staircase to the Ecumenical Temple.
  3795 | Temple   | Entered the Ecumenical Temple
  3824 | Temple   | Became a worshipper of Vehumet
  3862 | D:4      | Reached XP level 5. HP: 7/41 MP: 6/9
  3895 | D:4      | HP: 2/42 [hobgoblin (1)]
  3900 | D:4      | Slain by a hobgoblin

Illustrated notes

Levels and vault maps discovered:
D:1:      psy_arrival_conway, layout_loops_corners,
          shapermc_ecumenical_altar_acropolis, minmay_hexomino_c4
D:2:      layout_basic
D:3:      layout_basic
D:4:      layout_cave_pods, mainiacjoe_overflow_alcove_1,
          minmay_temple_entry_butterflies, saegor_snake_ambush
Temple:   grunt_wide_crystal_templ

Skill      XL: |  1  2  3  4  5 |
---------------+----------------+-----
Unarmed Combat | 4 |  4.3
Fighting       | 2 |  2.3
Spellcasting   | 3 |  3.1
Transmutations | 3 |  3.0
Dodging        | |  1.7
Stealth        | |  0.4

Action                   |  1- 3 |  4- 6 || total
-------------------------+-------+-------++-------
Melee: Unarmed           |   157 |    71 ||   228
       Kick              |    18 |     5 ||    23
       Tailslap          |    12 |     7 ||    19
       Headbutt          |    12 |     5 ||    17
       Punch             |     4 |     1 ||     5
 Cast: Beastly Appendage |    22 |     9 ||    31
       Wereblood         |    12 |     8 ||    20
  Use: Scroll            |     3 |     3 ||     6
       Potion            |       |     2 ||     2
 Stab: Sleeping          |     1 |       ||     1
Armor: Skin              |    45 |    20 ||    65
Dodge: Dodged            |   112 |    42 ||   154
